 Dungeon Crawl Stone Soup version 0.26.1-2-gb8aa6d0cf2 (webtiles) character file.

Game seed: 117201836143614090

64 nightchill the Chopper (level 4, -11/38 HPs)
             Began as a Ghoul Gladiator on Mar 2, 2021.
             Was a Follower of Uskayaw.
             Mangled by an ogre
             ... wielding a +0 giant club
              (24 damage)
             ... on level 3 of the Dungeon.
             The game lasted 00:05:57 (2367 turns).

nightchill the Chopper (Ghoul Gladiator)            Turns: 2367, Time: 00:05:58

Health: -11/38     AC:  6    Str: 18    XL:     4   Next: 12%
Magic:  3/3        EV: 11    Int:  3    God:    Uskayaw [*.....]
Gold:   93         SH:  0    Dex: 10    Spells: 3/3 levels left

rFire    . . .     SeeInvis .   a - +0 war axe
rCold    + . .     Faith    .   (no shield)
rNeg     + + +     Spirit   .   k - +0 ring mail
rPois    ∞         Reflect  .   c - +0 helmet
rElec    .         Harm     .   (no cloak)
rCorr    .         Rampage  .   (no gloves)
Will     .....                  (no boots)
Stlth    ..........             (no amulet)
HPRegen  0.00/turn              (no ring)
MPRegen  0.08/turn              (no ring)

@: confused
A: claws 1, cold resistance 1, negative energy resistance 3, inhibited
regeneration, torment resistance, unbreathing
a: Renounce Religion, Stomp


You were on level 3 of the Dungeon.
You worshipped Uskayaw.
Uskayaw was noncommittal.
You visited 1 branch of the dungeon, and saw 3 of its levels.

You collected 93 gold pieces.

Inventory:

Hand Weapons
 a - a +0 war axe (weapon)
Missiles
 d - 3 throwing nets (quivered)
Armour
 b - a +0 leather armour
 c - a +0 helmet (worn)
 k - a +0 ring mail (worn)
Wands
 v - a wand of random effects (18)
Scrolls
 e - a scroll of fog {unknown}
 i - a scroll of magic mapping {unknown}
 j - 2 scrolls of enchant armour {unknown}
 l - a scroll of noise
 m - 2 scrolls of teleportation
 p - 2 scrolls of enchant weapon {unknown}
 q - 2 scrolls of amnesia {unknown}
 r - 2 scrolls of random uselessness {unknown}
 s - 2 scrolls of remove curse {unknown}
Potions
 f - 2 potions of heal wounds
 h - a potion of might {unknown}
 n - 2 potions of degeneration {unknown}
 o - a potion of flight {unknown}
 t - a potion of lignification {unknown}
 u - a potion of cancellation {unknown}


   Skills:
 + Level 3.1 Fighting
 * Level 3.8 Axes
 - Level 1.7 Throwing
 - Level 2.6 Dodging
 + Level 0.7 Invocations


You had 3 spell levels left.
You didn't know any spells.
Your spell library was empty.

Dungeon Overview and Level Annotations

Branches:
Dungeon (3/15)

Altars:
Dithmenos
Hepliaklqana
Kikubaaqudgha
Uskayaw


Innate Abilities, Weirdness & Mutations

You thrive by killing the living.
You are immune to poison.
You have sharp fingernails.
Your flesh is cold resistant. (rC+)
You are immune to negative energy. (rN+++)
You do not regenerate when monsters are visible.
You are immune to unholy pain and torment.
You can survive without breathing.


Message History

You feel better.
The orc wizard gestures at you while chanting.
You are confused.
Okay, then.
The orc wizard casts a spell at itself.
The orc wizard flickers and vanishes!
Deactivating autopickup; reactivate with Ctrl-A.
The ogre barely misses you.
The river rat bites you but does no damage.
You hit the river rat.
The river rat is moderately wounded.
You hit the ogre. The ogre barely misses you. The river rat bites you!
You barely miss the ogre.
The ogre is lightly wounded.
You barely miss the river rat. You miss the river rat.
You hear the quick rusting of a distant drain.
The river rat bites you.
The ogre hits you with a +0 giant club!!
Ouch! That really hurt!
You die...

..#####.r.## #.#.##...# .## ##.##
#.#.##...# ## #.#####...##...#
#.#............#
########.#............########.##
.........'.......).........<.....
########.#........)...#####.##.##
#........>.....#.. ...#
###...ror@.......(.[....
#.....rO..####.#.......
########.#.....#.######.
#.#.###.#. #.#.# #. #.#.( #.# #.#
#..


You could see an ogre, 2 river rats, an orc and a rat.

Vanquished Creatures
  2 dart slugs (D:1)
  3 leopard geckos
  2 orcs (D:3)
  5 bats
  4 giant cockroaches
  4 hobgoblins
  5 jackals
  8 kobolds
  A quokka (D:2)
  3 frilled lizards
  9 goblins
  5 rats
51 creatures vanquished.

Notes
Turn   | Place    | Note
-------+----------+-------------------------------------------
     0 | D:1      | nightchill the Ghoul Gladiator began the quest for the Orb.
     0 | D:1      | Reached XP level 1. HP: 17/17 MP: 0/0
   424 | D:1      | Reached XP level 2. HP: 25/25 MP: 1/1
   811 | D:1      | Reached XP level 3. HP: 30/30 MP: 2/2
  1179 | D:2      | Found a shadowy altar of Dithmenos.
  1190 | D:2      | Found an ancient bone altar of Kikubaaqudgha.
  1195 | D:2      | Found a hide-covered altar of Uskayaw.
  1201 | D:2      | Became a worshipper of Uskayaw the Reveller
  1328 | D:2      | Reached * piety under Uskayaw
  1949 | D:3      | Reached ** piety under Uskayaw
  2093 | D:3      | Reached XP level 4. HP: 38/38 MP: 3/3
  2196 | D:3      | Found a hazy altar of Hepliaklqana.
  2274 | D:3      | Noticed an ogre
  2367 | D:3      | Mangled by an ogre

Illustrated notes

Levels and vault maps discovered:
D:1:      lightli_arrival_flooded_house, layout_loops_corners
D:2:      layout_loops_corners, minitemple, minmay_tromino_i4
D:3:      layout_basic, nzn_hepliaklqana_mist_gate, portal_sewer_entry_a,
          chequers_ecumenical_altar_simple_redux, minmay_misc_feat_tower

Skill      XL: |  1  2  3 |
---------------+----------+-----
Axes           | 3 |  3.8
Fighting       | 3 |  3.1
Throwing       | |  1.7
Dodging        | |  2.6
Invocations    | |  0.7

Action                   |  1- 3 |  4- 6 || total
-------------------------+-------+-------++-------
Melee: War axe           |   121 |    20 ||   141
  Use: Scroll            |     4 |       ||     4
       Potion            |       |     2 ||     2
Armor: Ring mail         |    58 |    17 ||    75
       Leather armour    |     1 |       ||     1
Dodge: Dodged            |    84 |    14 ||    98
